 Dungeon Crawl Stone Soup version 0.28-a0-563-gf77a47075d (webtiles) character file.

Game seed: 4661823117637571869

24880 gruber the Geomancer (level 13, -7/82 HPs)
             Began as a Gargoyle Earth Elementalist on Sept 30, 2021.
             Was an Elder of Vehumet.
             Mangled by a fire crab (13 damage)
             ... on level 4 of the Lair of Beasts.
             The game lasted 00:25:37 (14263 turns).

gruber the Geomancer (Gargoyle Earth Elementalist) Turns: 14263, Time: 00:25:38

Health: -7/82      AC: 18    Str: 16    XL:     13   Next: 16%
Magic:  1/23       EV: 13    Int: 26    God:    Vehumet [****..]
Gold:   627        SH:  0    Dex: 10    Spells: 19/26 levels left

rFire   . . .      SeeInvis .   A - +2 rapier (vamp)
rCold   . . .      Faith    .   (no shield)
rNeg    + + .      Spirit   .   I - +0 steam dragon scales
rPois   ∞          Reflect  .   i - +0 helmet
rElec   +          Harm     .   K - scarf {shadows}
rCorr   .          Rampage  .   R - +0 pair of gloves {Str+3}
Will    .....                   (no boots)
Stlth   ++........              k - amulet of regeneration
HPRegen 1.23/turn               r - ring of positive energy
MPRegen 0.18/turn               v - +6 ring of intelligence

@: very slightly contaminated
A: sickness immunity, AC +9, negative energy resistance 1, electricity
resistance, torment resistance 1, petrification resistance
a: Renounce Religion


You were on level 4 of the Lair of Beasts.
You worshipped Vehumet.
Vehumet was greatly pleased with you.
You visited 3 branches of the dungeon, and saw 15 of its levels.
You also visited: Ossuary.

You collected 844 gold pieces.
You spent 217 gold pieces at shops.

Inventory:

Hand Weapons
 A - a +2 vampiric rapier (weapon)
Missiles
 c - 240 stones
 m - 11 curare-tipped darts
 y - 85 poisoned darts
 J - 3 throwing nets
Armour
 i - a +0 helmet (worn)
 I - +0 steam dragon scales (worn)
 K - a scarf of shadows (worn)
 R - a +0 pair of gloves of strength (worn)
Jewellery
 k - an amulet of regeneration (around neck)
 n - an amulet of magic regeneration
 r - a ring of positive energy (left hand)
 v - a +6 ring of intelligence (right hand)
 C - a ring of fire
 P - an amulet of reflection
 Q - a ring of see invisible
 V - a +6 ring of strength
Wands
 g - a wand of flame (8)
 H - a wand of polymorph (11)
 L - a wand of iceblast (29)
 M - a wand of digging (10)
 O - a wand of acid (15)
Scrolls
 a - 4 scrolls of amnesia {unknown}
 b - 2 scrolls of summoning {unknown}
 e - 4 scrolls of fear {unknown}
 f - 11 scrolls of identify {unknown}
 l - 3 scrolls of magic mapping {unknown}
 o - 4 scrolls of noise {unknown}
 p - 2 scrolls of silence {unknown}
 q - 2 scrolls of vulnerability {unknown}
 s - 11 scrolls of teleportation {unknown}
 t - 3 scrolls of enchant armour {unknown}
 w - a scroll of torment {unknown}
 x - a scroll of holy word {unknown}
 B - 3 scrolls of fog {unknown}
 E - 2 scrolls of enchant weapon {unknown}
 F - 2 scrolls of immolation {unknown}
 T - a scroll of acquirement {unknown}
Potions
 d - 2 potions of haste {unknown}
 h - 2 potions of might {unknown}
 j - 8 potions of curing {unknown}
 u - 2 potions of attraction {unknown}
 z - 3 potions of magic {unknown}
 D - 2 potions of brilliance {unknown}
 G - 2 potions of mutation {unknown}
 N - a potion of lignification {unknown}
 S - a potion of degeneration {unknown}
 U - a potion of berserk rage {unknown}


   Skills:
 - Level 10.0 Fighting
 - Level 9.3 Short Blades
 - Level 1.5 Maces & Flails
 - Level 0.3 Polearms
 - Level 0.4 Slings
 - Level 0.3 Bows
 - Level 0.1 Crossbows
 - Level 7.1 Armour
 - Level 5.0 Dodging
 - Level 2.1 Stealth
 - Level 0.2 Shields
 - Level 7.1 Spellcasting
 * Level 4.4 Conjurations
 - Level 0.2 Hexes
 - Level 0.9 Summonings
 - Level 0.7 Necromancy
 - Level 0.1 Translocations
 - Level 0.7 Transmutations
 - Level 0.2 Fire Magic
 - Level 0.6 Ice Magic
 - Level 0.7 Air Magic
 - Level 14.0 Earth Magic
 - Level 0.2 Poison Magic
 - Level 1.2 Invocations


You had 19 spell levels left.
You knew the following spells:

 Your Spells              Type           Power      Damage    Failure   Level
a - Sandblast             Erth           100%       2d20      0%          1
b - Stone Arrow           Conj/Erth      100%       3d13      1%          3
c - Mephitic Cloud        Conj/Pois/Air  18%        N/A       2%          3

Your spell library contained the following spells:

 Spells                   Type           Power      Damage    Failure   Level
 Frozen Ramparts          Ice            24%        1d4       4%          3
 Passwall                 Tmut/Erth      39%        N/A       1%          2
 Petrify                  Tmut/Erth      47%        N/A       3%          4
 Ensorcelled Hibernation  Hex/Ice        22%        N/A       8%          2
 Iskenderun's Battlesphe  Conj           32%        2d8       8%          5
 Slow                     Hex            10%        N/A       9%          2
 Vampiric Draining        Necr           6%         2d6       14%         3
 Spider Form              Tmut/Pois      5%         N/A       16%         3
 Confusing Touch          Hex            10%        N/A       17%         3
 Tukima's Dance           Hex            10%        N/A       17%         3
 Fireball                 Conj/Fire      10%        3d6       17%         5
 Conjure Ball Lightning   Conj/Air       11%        3x3d6     58%         6
 Orb of Destruction       Conj           16%        9d7       88%         7


Dungeon Overview and Level Annotations

Branches:
Dungeon (10/15)            Temple (1/1) D:6            Lair (4/6) D:10
 Shoals (0/4) Lair:2        Snake (0/4) Lair:3      Ossuary (visited)
    Orc: D:9-12

Altars:
Ashenzari
Cheibriados
Dithmenos
Kikubaaqudgha
Okawaru
Trog
Uskayaw
Vehumet
Wu Jian
Yredelemnul

Shops:
D:9 (   D:10 [(([*

Portals:
Trove: D:10 (give +4 storm dragon scales)


Innate Abilities, Weirdness & Mutations

You are immune to sickness and miasma.
Your stone body is resilient. (AC +9)
You are immune to poison.
You resist negative energy. (rN+)
You are resistant to electric shocks. (rElec)
You are resistant to unholy torment.
You are immune to petrification.


Message History

The plant is engulfed in blazing flames.
The fire crab breathes flames at you. The blast of flame engulfs you!
The stone arrow hits the dream sheep!!
You kill the dream sheep!
Vehumet accepts your kill.
You are engulfed in blazing flames.
The plant is engulfed in blazing flames.
A nearby plant withers and dies.
The stone arrow hits the fire crab!
The fire crab is severely wounded.
You are engulfed in blazing flames.
Casting: Stone Arrow (safe; 1% risk of failure)
Confirm with . or Enter, or press ? or * to list all spells.
Aiming: Sandblast (safe; 0% risk of failure)
Press: ? - help, Shift-Dir - straight line, f/p - fire crab
Aim: a fire crab (severely wounded, 92% to hit)
The blast of sand hits the fire crab but does no damage.
The fire crab is severely wounded.
c - 241 stones You are engulfed in blazing flames.
* * * LOW HITPOINT WARNING * * *
The fire crab bites you but does no damage.
The fire crab misses you.
Unknown command.
Unknown command.
Casting: Sandblast (safe; 0% risk of failure)
Confirm with . or Enter, or press ? or * to list all spells.
Aiming: Sandblast (safe; 0% risk of failure)
Press: ? - help, Shift-Dir - straight line, f/p - fire crab
Aim: a fire crab (severely wounded, 92% to hit)
The blast of sand hits the fire crab.
The fire crab is almost dead.
c - 240 stones You are engulfed in blazing flames.
* * * LOW HITPOINT WARNING * * *
The fire crab bites you.
* * * LOW HITPOINT WARNING * * *
You are engulfed in flames!
You die...

##). #F.... ...# ........
P.. ...## [P..#.....P..
...........#....#.†
.......#.....#...#†.
......#......#..#†>
..>..##..........# Y.
#..............#.. .Y.
#t......###....... ...###
#@..##..(##P......
....#.##Y..##............
...#....†....###.#.#.....
#.)........## #########.
#.......#### #. ##...####
## ###P ##


You could see a fire crab and a dream sheep.

Vanquished Creatures
  A catoblepas (Lair:2)
  A two-headed ogre (D:10)
  3 death yaks (Lair:3)
  Sonja (Lair:3)
  A lindwurm (Lair:3)
  5 centaur zombies
  2 black mambas (Lair:2)
  8 cane toads
  Maggie (D:6)
  3 rime drakes (Lair:4)
  5 komodo dragons
  Grinder (D:4)
  2 trolls (D:9)
  A hornet (D:5)
  Prince Ribbit (D:5)
  A dream sheep (Lair:4)
  A snapping turtle (Lair:2)
  21 blink frogs
  A wyvern (Lair:3)
  15 yaks
  2 basilisks
  Eustachio (D:4)
  A steam dragon (D:8)
  Edmund (D:4)
  A naga (Lair:3)
  16 water moccasins
  Duvessa (D:7)
  2 ice beasts
  3 orc warriors
  A sky beast (D:6)
  A necrophage (D:5)
  4 black bears
  13 wolves
  2 ogres
  6 centaurs
  A phantom (D:6)
  2 kobold brigands
  7 bullfrogs
  Dowan (D:7)
  2 scorpions
  A water moccasin skeleton (D:6)
  5 killer bees
  3 wights (D:9)
  2 howler monkeys (D:7)
  An electric eel (Lair:2)
  A bullfrog zombie (D:6)
  3 hounds
  Crazy Yiuf (D:7)
  A human zombie (Ossuary)
  4 orc priests
  2 centaur skeletons
  2 iguanas
  2 orc wizards
  10 hell rats
  2 killer bee zombies (D:8)
  A hound zombie (D:5)
  2 mummies (Ossuary)
  A howler monkey skeleton (D:6)
  13 adders
  A shadow imp (D:8)
  A white imp (D:7)
  2 ufetubi (D:5)
  A worm (D:2)
  3 dart slugs
  28 orcs
  11 ball pythons
  11 endoplasms
  3 giant cockroaches
  8 goblins
  5 hobgoblins
  5 quokkas
  6 bats
  7 frilled lizards
  5 gnoll zombies (Ossuary)
  2 goblin zombies (Ossuary)
  3 hobgoblin zombies (Ossuary)
  12 kobolds
  2 orc zombies (Ossuary)
  A quokka skeleton (D:4)
  6 rats
323 creatures vanquished.

Vanquished Creatures (others)
  An orc (D:6)
  26 fungi
  46 plants
73 creatures vanquished.

Grand Total: 396 creatures vanquished

Notes
Turn   | Place    | Note
-------+----------+-------------------------------------------
     0 | D:1      | gruber the Gargoyle Earth Elementalist began the quest for
                  | the Orb.
     0 | D:1      | Reached XP level 1. HP: 10/10 MP: 3/3
    73 | D:1      | Reached skill level 1 in Fighting
   143 | D:1      | Reached XP level 2. HP: 17/17 MP: 5/5
   365 | D:1      | Found a faded altar of an unknown god.
  1076 | D:1      | Reached XP level 3. HP: 19/22 MP: 6/6
  2075 | D:2      | Reached skill level 1 in Maces & Flails
  2283 | D:2      | Reached XP level 4. HP: 28/28 MP: 7/7
  2536 | D:3      | Noticed a water moccasin
  2552 | D:3      | Killed a water moccasin
  2553 | D:3      | Reached skill level 5 in Earth Magic
  2553 | D:3      | Reached XP level 5. HP: 9/32 MP: 0/8
  2677 | D:3      | Noticed an ice beast
  2709 | D:3      | Killed an ice beast
  2710 | D:3      | Reached skill level 6 in Earth Magic
  2710 | D:3      | Reached XP level 6. HP: 24/37 MP: 2/9
  3019 | D:3      | Reached skill level 7 in Earth Magic
  3250 | D:4      | Noticed Grinder
  3258 | D:4      | Paralysed by Grinder for 6 turns
  3286 | D:4      | Killed Grinder
  3287 | D:4      | Reached XP level 7. HP: 41/41 MP: 4/13
  3627 | D:4      | Noticed Edmund
  3643 | D:4      | Killed Edmund
  3654 | D:4      | Noticed Eustachio
  3682 | D:4      | Killed Eustachio
  3683 | D:4      | Reached skill level 5 in Fighting
  3683 | D:4      | Reached XP level 8. HP: 51/51 MP: 12/14
  3949 | D:4      | Reached skill level 1 in Short Blades
  4102 | D:5      | Entered Level 5 of the Dungeon
  4147 | D:5      | Noticed Prince Ribbit
  4204 | D:5      | Killed Prince Ribbit
  4282 | D:5      | Identified the +3 trident "Damicvaepp" {vorpal, *Rage rPois
                  | Will++ rCorr}
  4377 | D:5      | Noticed a hornet
  4391 | D:5      | HP: 2/53 [hornet (11)]
  4392 | D:5      | Killed a hornet
  4393 | D:5      | Reached skill level 5 in Short Blades
  4393 | D:5      | Reached XP level 9. HP: 3/57 MP: 9/15
  4986 | D:6      | Noticed Maggie
  5010 | D:6      | Killed Maggie
  5272 | D:6      | Found a staircase to the Ecumenical Temple.
  5278 | Temple   | Entered the Ecumenical Temple
  5293 | Temple   | Became a worshipper of Vehumet
  5444 | D:7      | Reached XP level 10. HP: 63/63 MP: 16/16
  5474 | D:7      | Found a sand-covered staircase.
  5483 | Ossuary  | Entered an ossuary
  5589 | Ossuary  | Reached * piety under Vehumet
  5589 | Ossuary  | Offered knowledge of Foxfire by Vehumet.
  5835 | D:7      | Noticed Dowan
  5836 | D:7      | Noticed Duvessa
  5848 | D:7      | Killed Duvessa
  5854 | D:7      | Killed Dowan
  5983 | D:7      | Found a runed translucent door.
  5984 | D:7      | Noticed Crazy Yiuf
  6185 | D:7      | Killed Crazy Yiuf
  6222 | D:8      | Noticed a death knight
  6222 | D:8      | Noticed a skeletal warrior
  7308 | D:9      | Reached skill level 10 in Fighting
  7510 | D:9      | Offered knowledge of Searing Ray by Vehumet.
  7729 | D:9      | Reached ** piety under Vehumet
  8062 | D:9      | Found Plog's Weapon Boutique.
  8085 | D:10     | Entered Level 10 of the Dungeon
  8085 | D:10     | Found Silumm's Weapon Shoppe.
  8099 | D:10     | Noticed a two-headed ogre
  8322 | D:10     | Reached skill level 5 in Dodging
  8355 | D:10     | Found Wuopt's Antique Armour Emporium.
  8361 | D:10     | Bought a pair of embroidered gloves for 217 gold pieces
  8374 | D:10     | Found Epebeorch's Assorted Antiques.
  8408 | D:10     | Found a portal to a secret trove of treasure.
  8505 | D:10     | Found a hide-covered altar of Uskayaw.
  8583 | D:10     | Reached skill level 1 in Invocations
  8583 | D:10     | Reached XP level 11. HP: 72/72 MP: 17/17
  8709 | D:10     | Killed a two-headed ogre
  8751 | D:10     | Found a staircase to the Lair.
  8904 | D:10     | Found Boipsud's Armour Shop.
  9029 | D:10     | Found Docom's Weapon Shop.
  9204 | Lair:1   | Entered Level 1 of the Lair of Beasts
  9280 | Lair:1   | Reached skill level 5 in Armour
  9382 | Lair:1   | Offered knowledge of Conjure Flame by Vehumet.
  9406 | Lair:1   | Learned a level 3 spell: Stone Arrow
 10236 | Lair:2   | Reached skill level 8 in Earth Magic
 10317 | Lair:2   | Reached skill level 9 in Earth Magic
 10364 | Lair:2   | Reached *** piety under Vehumet
 10639 | Lair:2   | Noticed a catoblepas
 10695 | Lair:2   | Killed a catoblepas
 10696 | Lair:2   | Reached skill level 10 in Earth Magic
 10982 | Lair:2   | Reached XP level 12. HP: 65/77 MP: 18/18
 11122 | Lair:2   | Found a staircase to the Shoals.
 11587 | Lair:2   | Reached skill level 11 in Earth Magic
 11640 | Lair:3   | Offered knowledge of Mephitic Cloud by Vehumet.
 11647 | Lair:3   | Learned a level 3 spell: Mephitic Cloud
 11682 | Lair:3   | Noticed Sonja
 11930 | Lair:3   | Killed Sonja
 11931 | Lair:3   | Reached skill level 12 in Earth Magic
 12223 | Lair:3   | Reached skill level 13 in Earth Magic
 12499 | Lair:3   | Found a staircase to the Snake Pit.
 12572 | Lair:3   | Reached **** piety under Vehumet
 12668 | Lair:3   | Reached skill level 14 in Earth Magic
 13343 | Lair:3   | Reached skill level 5 in Spellcasting
 13381 | Lair:4   | Offered knowledge of Frozen Ramparts by Vehumet.
 13610 | Lair:4   | Noticed a death yak
 13610 | Lair:4   | Noticed a death yak
 13610 | Lair:4   | Noticed a death yak
 13696 | Lair:3   | Killed a death yak
 13697 | Lair:3   | Reached XP level 13. HP: 39/82 MP: 12/23
 14263 | Lair:4   | Mangled by a fire crab

Illustrated notes

Levels and vault maps discovered:
D:1:      dpeg_arrival_boxorama, layout_basic, basic_ecumenical_altar,
          minmay_crystal_water
D:2:      layout_basic, dk_noncrumbling_4
D:3:      layout_rooms, minivault_19, minmay_quantized
D:4:      layout_basic, minmay_snake_closets, uniq_grinder, uniq_edmund,
          uniq_eustachio
D:5:      layout_gridville, eino_tiny_chamber, uniq_prince_ribbit1
D:6:      layout_cave_pools, minmay_temple_entry_fiery, minmay_liquid_box,
          uniq_maggie
D:7:      layout_rooms, nicolae_ossuary_entry_ruins, uniq_duvessa,
          uniq_crazy_yiuf_cottage
D:8:      layout_loops_ring, hangedman_glass_teeth
D:9:      layout_loops_ring, serial_shops, nicolae_stop_n_shop_2
D:10:     layout_loops_ring, mainiacjoe_overflow_surrounded_room,
          grunt_lair_entry_orc_guard_hut, serial_shops, shop,
          nicolae_stop_n_shop_2, kennysheep_little_box,
          nicolae_shop_behind_doors, shop, nicolae_trove_entry_isolated
Temple:   compressed_dpeg_triangle_lava_temple
Lair:1:   beast_lair_carwin_large_1, layout_gridlike, serial_bayou_shore_a,
          lemuel_fruit_tree
Lair:2:   layout_cellular_growth, minmay_shoals_entry_hut, grunt_megastairs_1
Lair:3:   layout_layer_cave, guppyfry_snake_entry_garden, grunt_megastairs_4,
          uniq_sonja
Lair:4:   minmay_lair_venomous_thicket, layout_misc_corridors

Skill      XL: |  1  2  3  4  5  6  7  8  9 10 11 12 13 |
---------------+----------------------------------------+-----
Fighting       | 1 2 3 5 7 10 | 10.0
Maces & Flails | 1 |  1.5
Earth Magic    | 5 6 7 10 14 | 14.0
Spellcasting   | 4 6 7 |  7.1
Short Blades   | 5 9 |  9.3
Dodging        | 5 |  5.0
Armour         | 2 7 |  7.1
Invocations    | 1 |  1.2
Conjurations   | 4 |  4.4
Polearms       | |  0.3
Slings         | |  0.4
Bows           | |  0.3
Crossbows      | |  0.1
Stealth        | |  2.1
Shields        | |  0.2
Hexes          | |  0.2
Summonings     | |  0.9
Necromancy     | |  0.7
Translocations | |  0.1
Transmutations | |  0.7
Fire Magic     | |  0.2
Ice Magic      | |  0.6
Air Magic      | |  0.7
Poison Magic   | |  0.2

Action                   |  1- 3 |  4- 6 |  7- 9 | 10-12 | 13-15 || total
-------------------------+-------+-------+-------+-------+-------++-------
Melee: Unarmed           |   102 |       |       |       |       ||   102
       Whip              |    49 |    18 |       |       |       ||    67
       Dagger            |       |   110 |    69 |       |       ||   179
       Rapier            |       |       |   303 |  1329 |    32 ||  1664
Throw: Dart              |    25 |     2 |    16 |     4 |       ||    47
 Cast: Sandblast         |    19 |    32 |    26 |    76 |    18 ||   171
       Stone Arrow       |       |       |       |    42 |    23 ||    65
 Stab: Sleeping          |     1 |     1 |     9 |     4 |       ||    15
       Distracted        |       |       |       |     1 |       ||     1
Armor: Robe              |    45 |    85 |   164 |       |       ||   294
       Steam dragon scal |       |       |    86 |   541 |    13 ||   640
Dodge: Dodged            |   105 |    79 |   317 |   834 |    19 ||  1354

Table legend: (Time is in decaauts)
 A = Elapsed time spent in this place.
 B = Non-inter-level travel time spent in this place.
 C = Inter-level travel time spent in this place.
 D = Time resting spent in this place.
 E = Time spent auto-exploring this place.
 F = Levels seen in this place.
 G = Mean time per level.
                   A        B        C        D        E       F      G
               +--------+--------+--------+--------+--------+-----+--------+
         Total |  13921 |  13422 |    499 |    188 |   9366 |  16 |  870.1 |
       Dungeon |   8828 |   8502 |    326 |    141 |   5930 |  10 |  882.8 |
        Temple |     24 |     15 |      9 |      0 |     11 |   1 |   24.0 |
          Lair |   4885 |   4722 |    163 |     47 |   3351 |   4 | 1221.2 |
       Ossuary |    182 |    182 |      0 |      0 |     74 |   1 |  182.0 |
               +--------+--------+--------+--------+--------+-----+--------+

Top non-repeatable levels by time:
  Lair:3: 1926 daAuts
     D:1: 1694 daAuts
  Lair:2: 1419 daAuts
     D:9: 1084 daAuts
     D:4: 922 daAuts
    D:10: 921 daAuts
  Lair:1: 896 daAuts
     D:7: 814 daAuts
     D:3: 796 daAuts
     D:2: 733 daAuts
     D:6: 677 daAuts
  Lair:4: 643 daAuts
     D:8: 642 daAuts
     D:5: 543 daAuts
 Ossuary: 182 daAuts
